 Dungeon Crawl Stone Soup version 0.23-a0-14-g8c9a20f (webtiles) character file.

574372 toffzen the Slayer (level 27, -6/255 (261) HPs)
             Began as a Kobold Berserker on July 10, 2018.
             Was a High Priest of Trog.
             Killed from afar by an electric golem (30 damage)
             ... with a bolt of lightning
             ... on level 5 of the Realm of Zot on Aug 2, 2018.
             The game lasted 05:41:23 (82411 turns).

toffzen the Slayer (Kobold Berserker)              Turns: 82411, Time: 05:41:23

HP:   -6/255 (261)  AC: 37    Str: 20 (21) XL:     27
MP:   30/30         EV: 24    Int:  6      God:    Trog [*****.]
Gold: 3546          SH:  4    Dex: 31      Spells: 26/26 levels left

rFire    + + .     SeeInvis .   b - +10 rapier of the Nexus {elec, rF- MR+ Stlth+}
rCold    . . .     Gourm    .   (shield restricted)
rNeg     . . .     Faith    .   z - +8 gold dragon scales
rPois    +         Spirit   .   F - +0 hat "Ohoethru" {Regen+ Int-5 Dex+8}
rElec    .         Reflect  +   p - +2 cloak {rPois}
rCorr    .         Harm     .   G - +0 pair of gloves {archery}
MR       +++++                  O - +0 pair of boots {run}
Stlth    ..........             P - +4 amulet of reflection
HPRegen  1.92/turn              V - ring of protection from fire
MPRegen  0.22/turn              c - ring of fire

@: mighty, berserking (expiring), regenerating, hasted, very quick
A: small, blurry vision 1, carnivore, clever 1, deterioration 1, frail 1, weak
1, wild magic 1
}: 3/15 runes: barnacled, abyssal, gossamer
a: Berserk, Trog's Hand, Brothers in Arms, Renounce Religion


You were on level 5 of the Realm of Zot.
You worshipped Trog.
Trog was extremely pleased with you.
You were not hungry.

You visited 8 branches of the dungeon, and saw 45 of its levels.
You visited the Abyss 3 times.
You also visited: Ossuary and Wizlab.

You collected 7133 gold pieces.
You spent 3587 gold pieces at shops.

Inventory:

Hand Weapons
 a - the +10 arbalest of Toon {penet, *Slow +Inv rElec Str+7}
   (Trog gifted it to you on level 4 of the Spider Nest)

   Ammo fired by it will pass through the targets it hits, potentially hitting
   all targets in its path until it reaches maximum range.
   It affects your strength (+7).
   It insulates you from electricity.
   It lets you turn invisible.
   It may slow you when you take damage.
 b - the +10 rapier of the Nexus (weapon) {elec, rF- MR+ Stlth+}
   (Trog gifted it to you on level 4 of the Shoals)

   Occasionally, upon striking a foe, it will discharge some electrical energy
   and cause terrible harm.
   It makes you vulnerable to fire.
   It affects your resistance to hostile enchantments.
   It makes you more stealthy.
 R - a +8 antimagic quick blade
Missiles
 h - 1287 stones (quivered)
 M - 7 throwing nets
 T - 675 bolts
Armour
 p - a +2 cloak of poison resistance (worn)
 y - the +11 plate armour of Miracles {Int+2 Dex+2}
   (You found it on level 12 of the Dungeon)

   It affects your intelligence (+2).
   It affects your dexterity (+2).
 z - +8 gold dragon scales (worn)
 F - the +0 hat "Ohoethru" (worn) {Regen+ Int-5 Dex+8}
   (You acquired it on level 1 of the Depths)

   It affects your intelligence (-5).
   It affects your dexterity (+8).
   It increases your rate of regeneration.
 G - a +0 pair of gloves of archery (worn)
 O - a +0 pair of boots of running (worn)
Jewellery
 c - a ring of fire (right hand)
 P - a +4 amulet of reflection (around neck)
 V - a ring of protection from fire (left hand)
 Y - the ring "Kok Utia" {rElec rF- rC+ Dex+8 SInv}
   (You found it on level 1 of the Shoals)

   [ring of protection from cold]

   It affects your dexterity (+8).
   It makes you vulnerable to fire.
   It protects you from cold.
   It insulates you from electricity.
   It lets you see invisible.
Wands
 L - a wand of acid (35)
 N - a wand of iceblast (38)
 Q - a wand of disintegration (37)
Scrolls
 e - 24 scrolls of remove curse
 g - 5 scrolls of teleportation
 i - 2 scrolls of holy word
 k - 6 scrolls of enchant weapon
 n - a scroll of summoning
 o - 5 scrolls of immolation
 r - 2 scrolls of blinking
 u - 3 scrolls of brand weapon
 A - 2 scrolls of magic mapping
 D - 6 scrolls of fog
 I - a scroll of torment
 J - 3 scrolls of silence
 K - 13 scrolls of identify
 W - 4 scrolls of fear
Potions
 d - 3 potions of invisibility
 f - 4 potions of resistance
 j - a potion of magic
 l - 8 potions of flight
 m - 9 potions of mutation
 t - 5 potions of might
 w - 4 potions of cancellation
 x - 5 potions of ambrosia
 B - 10 potions of agility
 C - 6 potions of lignification
 H - 7 potions of curing
Miscellaneous
 v - a lightning rod (4/4)
 U - a box of beasts
Comestibles
 E - 82 rations


   Skills:
 * Level 25.6 Fighting
 - Level 14.0 Short Blades
 + Level 23.8 Crossbows
 + Level 17.8 Armour
 + Level 24.0 Dodging
   Level 4.7 Shields
 - Level 10.4 Evocations


You had 26 spell levels left.
You didn't know any spells.
Your spell library was empty.

Dungeon Overview and Level Annotations

Branches:
Dungeon (15/15)            Temple (0/1) D:5            Lair (6/6) D:11
 Shoals (4/4) Lair:3       Spider (4/4) Lair:3        Slime (0/5) Lair:5
    Orc (2/2) D:9             Elf (0/3) Orc:2        Vaults (4/5) D:13
  Crypt (0/3) Vaults:2     Depths (5/5) D:15            Zot (5/5) Depths:5

Altars:
Ashenzari
Cheibriados
Dithmenos
Elyvilon
Kikubaaqudgha
Nemelex Xobeh
Ru
Trog
Uskayaw
Wu Jian
Xom
Yredelemnul
Zin
The Shining One
Beogh
Jiyva

Shops:
D:14 [   D:15 [   Orc:2 [*:   Shoals:1 (   Shoals:2 !   Vaults:2 %:}*
Depths:3 (*   Depths:4 =

Portals:
Hell: Depths:1 Depths:2 Depths:3 Depths:4 Depths:5
Abyss: Depths:2 Depths:4 Depths:5
Pandemonium: Depths:2 Depths:3 Depths:5
Ziggurat: Depths:3

Annotations:
D:9 1 exclusion
Lair:1 exclusion: oklob plant
Lair:6 3 runed doors, aaksess's ghost, journeyman GnWz
Shoals:1 3 runed doors, Ybaf's ghost, journeyman SpVM


Innate Abilities, Weirdness & Mutations

You are small and have problems with some larger weapons.
You are carnivorous and can eat meat at any time.
Scrolls take you a little longer to read.
Your mind is acute. (Int +2)
Your body sometimes deteriorates upon taking damage.
You are frail. (-10% HP)
You are weak. (Str -2)
Your spells are a little harder to cast, but a little more powerful.


Message History

The electric golem shocks you!!
* * * LOW HITPOINT WARNING * * *
The electric golem completely misses you. x3
You miss the orb of fire.
The orb of fire is almost destroyed.
The orb of fire glows red.
The bolt of fire hits the orb of fire.
The orb of fire completely resists.
The bolt of fire misses you.
The bolt of fire hits the orb of fire.
The orb of fire completely resists.
The orb of fire glows red.
The bolt of fire misses you.
The bolt of fire hits the orb of fire.
The orb of fire completely resists.
You barely miss the orb of fire.
The orb of fire is almost destroyed.
The orb of fire glows deep purple.
The bolt of fire misses you.
The bolt of fire hits the orb of fire.
The orb of fire completely resists.
The electric golem hurls lightning at you.
The bolt of lightning hits you!
You die...

,*,,,,,,,,,,,,,,,,,,,,,,**
**,,,,,,,,,..............▓*
**,,,,,,,,,..*............*
*,,,,,,,,,...............*
**,,,,,,,,..............▓*
***,,,,,,,,....*(.(...▓*
****,,,,,,,........▓*
#▓▓▓▓▓▓▓▓▓▓▓##*....▓▓
###..^^........@*.....##
##....##.......**8..^...##
#...###...^.....p........#*
...###.....^..............*
..## #.........^..........*
..# #.(.............^....*
.## #...[................*
.# #....................*
.## #....^...............*


You could see 5 orbs of fire, a Killer Klown and an electric golem.

Vanquished Creatures
  An orb of fire (Zot:3)
  3 juggernauts
  Margery (Vaults:2)
  Saint Roka (Depths:2)
  A profane servitor (Abyss:4)
  3 golden dragons
  Nikola (Spider:3)
  Arachne (Spider:3)
  A bone dragon (Depths:5)
  5 liches
  15 tentacled monstrosities
  10 Orb Guardians (Zot:5)
  3 titans
  A Hell Sentinel (Abyss:4)
  3 quicksilver dragons
  An Executioner (Abyss:4)
  2 sphinxes
  17 tentacled starspawn
  3 death cobs
  Kirke (Shoals:1)
  3 shadow dragons
  10 storm dragons
  Donald (Spider:2)
  A nagaraja (Abyss:4)
  5 tengu reavers
  9 fire giants
  3 draconian monks (Zot:1)
  3 orc warlords
  An iron dragon (shapeshifter) (Vaults:1)
  6 ghost moths
  3 frost giants
  3 draconian scorchers
  A draconian knight (Zot:1)
  11 vault wardens
  2 iron dragons
  A deep elf sorcerer (Vaults:1)
  2 draconian shifters
  2 emperor scorpions (Spider:4)
  Louise (Spider:3)
  2 balrugs
  12 ironheart preservers
  A deep elf elementalist (Abyss:4)
  5 draconian stormcallers
  21 stone giants
  An angel (Abyss:3)
  3 spriggan defenders
  32 very ugly things
  5 draconian annihilators
  49 starcursed masses
  11 entropy weavers
  A lorocyproca (Abyss:4)
  9 green draconians
  5 red draconians
  A vampire knight (Depths:5)
  5 black draconians
  6 white draconians
  2 yellow draconians
  6 purple draconians
  5 spark wasps
  A deep elf death mage (Vaults:2)
  A green death (Abyss:2)
  6 merfolk javelineers
  11 ettins
  11 fire dragons
  Snorg (Lair:4)
  7 merfolk impalers
  A yaktaur captain (Depths:5)
  12 great orbs of eyes
  11 ice dragons
  10 rakshasas
  18 vault guards
  2 merfolk avatars
  6 spriggan air magi
  4 hydras
  An alligator snapping turtle (Shoals:3)
  2 catoblepae
  54 two-headed ogres
  3 death knights
  A hell hog (Abyss:4)
  14 ogre magi
  7 death yaks
  6 centaur warriors
  7 tengu warriors
  12 deep troll shamans
  2 vampire magi
  7 merfolk aquamancers (Shoals:4)
  10 spriggan berserkers
  17 thrashing horrors
  An orc high priest (Orc:2)
  12 deep troll earth magi
  A deep elf knight (Vaults:2)
  A sun demon (Abyss:4)
  A titan zombie (Abyss:2)
  Nergalle (D:11)
  8 wretched stars
  A spriggan druid (Depths:3)
  5 shadow wraiths
  8 iron trolls
  6 unseen horrors
  10 hell knights
  2 spatial maelstroms (Abyss:4)
  A deep troll (shapeshifter) (Vaults:2)
  2 death drakes
  2 flayed ghosts
  4 wizards
  4 skeletal warriors
  2 swamp dragons
  6 glowing orange brains
  12 sea snakes
  Pikel (D:7)
  4 deep elf archers
  43 deep trolls
  2 phantasmal warriors (Depths:5)
  A harpy (shapeshifter) (Vaults:3)
  27 harpies
  12 deep elf magi
  19 orc knights
  28 wolf spiders
  9 necromancers
  17 ironbrand convokers
  A fire giant zombie (Depths:2)
  A glowing shapeshifter (Vaults:2)
  6 orc sorcerers
  7 fauns
  2 mana vipers (Depths:1)
  A mana viper (shapeshifter) (Depths:2)
  22 moths of wrath
  19 orb spiders
  4 cyclopes
  An iron dragon zombie (Abyss:2)
  15 manticores
  A salamander (Depths:3)
  49 ugly things
  5 guardian serpents
  A frost giant zombie (Depths:2)
  2 rust devils
  25 large abominations
  4 black mambas
  5 worldbinders
  A naga mage (Depths:1)
  A fire giant skeleton (Depths:2)
  7 merfolk sirens
  4 elephants (Lair:6)
  6 water nymphs
  2 smoke demons
  5 spectral swamp worms (Depths:2)
  4 orange demons
  3 torpor snails
  2 apocalypse crabs (Abyss:4)
  A gargoyle (D:14)
  3 rime drakes (Lair:6)
  12 vault sentinels
  11 spiny frogs
  A hellion (Abyss:4)
  21 demonic crawlers
  An efreet (Abyss:3)
  A komodo dragon (shapeshifter) (Vaults:3)
  A kobold demonologist (D:7)
  8 komodo dragons
  8 freezing wraiths
  A spark wasp simulacrum (Depths:2)
  2 yaktaurs (shapeshifter) (Depths:1)
  36 yaktaurs
  8 ancient zymes
  An elf skeleton (Depths:2)
  A hellwing (Abyss:4)
  44 jumping spiders
  29 merfolk
  5 tengu conjurers
  5 wind drakes
  3 meliai (Spider:2)
  7 trolls
  2 red devils
  4 polar bears (Lair:6)
  23 hornets
  21 raiju
  A queen bee (D:11)
  A raiju (shapeshifter) (Depths:1)
  6 blink frogs
  43 slime creatures
  A fire giant simulacrum (Abyss:4)
  10 snapping turtles
  5 dream sheep
  13 hippogriffs
  A flying skull (Abyss:4)
  3 shadows
  Sigmund (D:4)
  88 redbacks
  36 tarantellas
  A wyvern (shapeshifter) (Depths:2)
  12 water elementals
  61 yaks
  4 wyverns
  A human (shapeshifter) (Depths:4)
  4 wraiths
  3 ynoxinuls (Abyss:4)
  3 fire bats (Abyss:4)
  A basilisk (shapeshifter) (Vaults:1)
  11 chaos spawn
  36 spriggans
  A steam dragon (D:10)
  4 basilisks
  4 hungry ghosts
  A golden eye (Abyss:2)
  9 vampire mosquitoes
  A steam dragon (shapeshifter) (Vaults:3)
  4 neqoxecs
  Menkaure (D:4)
  19 small abominations
  4 wargs
  A soldier ant (D:15)
  3 acid dragons
  13 water moccasins
  4 floating eyes
  11 porcupines
  52 orc warriors
  7 sky beasts
  2 ice beasts
  9 black bears
  A human zombie (Vaults:4)
  3 phantoms
  2 eyes of draining (Abyss:3)
  3 slaves
  7 necrophages (Lair:5)
  10 wolves
  37 ogres
  8 boggarts
  19 centaurs
  13 crocodiles
  3 big kobolds
  20 bullfrogs
  2 wyvern zombies
  A gnoll sergeant (D:8)
  2 wyvern skeletons
  A hornet simulacrum (D:14)
  3 scorpions
  31 killer bees
  6 wights
  5 howler monkeys
  3 electric eels
  11 crimson imps
  3 centaur zombies
  3 quasits
  29 orc priests
  2 bullfrog zombies
  7 centaur skeletons
  8 jellies
  3 hounds
  4 bullfrog skeletons
  20 orc wizards
  3 iron imps
  7 iguanas
  4 worker ants
  3 hound zombies
  2 mummies (Ossuary)
  A howler monkey skeleton (D:8)
  13 gnolls
  15 adders
  An ogre simulacrum (Abyss:4)
  A shadow imp (D:15)
  12 white imps (Lair:1)
  2 ufetubi
  An ooze (D:1)
  2 adder skeletons
  An adder zombie (D:6)
  2 worms
  2 dart slugs
  7 leopard geckos
  78 orcs
  A bat (D:3)
  4 giant cockroaches
  A gnoll zombie (Ossuary)
  6 goblins
  5 hobgoblins
  3 jackals (D:10)
  3 quokkas
  4 frilled lizards
  2 gnoll skeletons (Ossuary)
  3 goblin skeletons (Ossuary)
  5 hobgoblin skeletons (Ossuary)
  2 hobgoblin zombies (Ossuary)
  A jackal skeleton (D:6)
  17 kobolds
  2 kobold skeletons (Ossuary)
  A kobold zombie (Ossuary)
  2 orc skeletons (Ossuary)
  An orc zombie (Ossuary)
  A quokka zombie (D:5)
  5 rats
  2 rat skeletons (Ossuary)
  2 rat zombies (Ossuary)
  4 lurking horrors (Abyss:4)
  4 plants
  15 starspawn tentacles
2307 creatures vanquished.

Vanquished Creatures (collateral kills)
  A vault warden (Vaults:2)
  A satyr (Shoals:2)
  3 hell knights
  A soul eater (Abyss:4)
  A wretched star (Abyss:4)
  A deep troll (D:15)
  An ironbrand convoker (Vaults:2)
  A wolf spider (Spider:3)
  4 fauns (Shoals:2)
  A smoke demon (Abyss:4)
  5 large abominations (Abyss:4)
  2 orange demons (Abyss:4)
  3 jumping spiders (Spider:3)
  2 raiju (Abyss:4)
  6 starcursed masses (Abyss:4)
  A small abomination (Abyss:4)
  A crimson imp (Abyss:4)
  An ufetubus (Zot:1)
36 creatures vanquished.

Vanquished Creatures (others)
  A red draconian (Zot:1)
  An unseen horror (Vaults:1)
  A deep elf mage (Vaults:1)
  2 large abominations (Abyss:4)
  2 redbacks (Spider:4)
  2 humans (Shoals:1)
  6 golden eyes (Abyss:4)
  A chaos spawn (Abyss:4)
  An orc warrior (Vaults:2)
  2 mummies (Ossuary)
  A gnoll skeleton (Ossuary)
  2 goblin zombies (Ossuary)
  2 hobgoblin skeletons (Ossuary)
  4 hobgoblin zombies (Ossuary)
  A kobold skeleton (Ossuary)
  5 kobold zombies (Ossuary)
  2 orc skeletons (Ossuary)
  4 orc zombies (Ossuary)
  3 rat skeletons (Ossuary)
  3 rat zombies (Ossuary)
  107 bushes (Depths:3)
  13 fungi
  2 lurking horrors
  11 plants
  18 starspawn tentacles
197 creatures vanquished.

Grand Total: 2540 creatures vanquished

Notes
Turn   | Place    | Note
-------+----------+-------------------------------------------
     0 | D:1      | toffzen the Kobold Berserker began the quest for the Orb.
     0 | D:1      | Reached XP level 1. HP: 14/14 MP: 1/1
   165 | D:1      | Reached XP level 2. HP: 19/19 MP: 2/2
   881 | D:2      | Reached XP level 3. HP: 23/23 MP: 3/3
  1039 | D:2      | Found a snail-covered altar of Cheibriados.
  1294 | D:2      | Reached XP level 4. HP: 29/29 MP: 4/4
  1357 | D:2      | Reached skill level 4 in Fighting
  1779 | D:2      | Found a glowing silver altar of Zin.
  2031 | D:2      | Reached ** piety under Trog
  2031 | D:2      | Reached XP level 5. HP: 33/33 MP: 5/5
  2149 | D:3      | Reached skill level 5 in Short Blades
  2567 | D:3      | Reached XP level 6. HP: 29/39 MP: 6/6
  3651 | D:4      | Noticed Menkaure
  3660 | D:4      | Found a sparkling altar of Nemelex Xobeh.
  3719 | D:3      | Reached XP level 7. HP: 40/44 MP: 7/7
  3748 | D:4      | Reached *** piety under Trog
  3872 | D:4      | Noticed Sigmund
  3884 | D:4      | Killed Sigmund
  3884 | D:4      | Reached skill level 5 in Fighting
  3884 | D:4      | Reached skill level 5 in Dodging
  3962 | D:4      | Killed Menkaure
  4401 | D:5      | Entered Level 5 of the Dungeon
  4408 | D:5      | Reached XP level 8. HP: 50/50 MP: 8/8
  4518 | D:5      | Found a shadowy altar of Dithmenos.
  4592 | D:5      | Found a shimmering altar of Xom.
  4844 | D:5      | Found a staircase to the Ecumenical Temple.
  5081 | D:5      | Reached skill level 6 in Fighting
  5212 | D:5      | Got a shimmering war axe
  5702 | D:6      | Found a hide-covered altar of Uskayaw.
  5803 | D:6      | Found a sand-covered staircase.
  5807 | Ossuary  | Entered an ossuary
  6158 | Ossuary  | Identified the cursed +2 war axe of Precise Incision {venom, +Rage rElec} (You found it on level 5 of the Dungeon)
  6410 | D:6      | Reached XP level 9. HP: 50/56 MP: 9/9
  6458 | D:6      | Found a bloodstained altar of Trog.
  6810 | D:7      | Noticed Pikel
  6852 | D:7      | Noticed a kobold demonologist
  6857 | D:7      | Noticed a soul eater
  7035 | D:6      | Reached skill level 7 in Fighting
  7165 | D:7      | Killed Pikel
  7165 | D:7      | Reached skill level 5 in Armour
  7219 | D:7      | Found an ancient bone altar of Kikubaaqudgha.
  7231 | D:7      | Killed a kobold demonologist
  7607 | D:7      | Found a shattered altar of Ashenzari.
  7607 | D:7      | Found an ornate altar of the Wu Jian Council.
  7924 | D:8      | Reached XP level 10. HP: 64/64 MP: 10/10
  7956 | D:8      | Reached skill level 8 in Fighting
  8281 | D:8      | Reached **** piety under Trog
  8291 | D:8      | Found a basalt altar of Yredelemnul.
  8360 | D:8      | Reached skill level 10 in Short Blades
  8981 | D:8      | Found a glowing golden altar of the Shining One.
  8983 | D:8      | Noticed an angel
  9461 | D:9      | Found a white marble altar of Elyvilon.
  9984 | D:9      | Found a staircase to the Orcish Mines.
 10410 | D:9      | Reached skill level 9 in Fighting
 10703 | D:9      | Found a sacrificial altar of Ru.
 10840 | D:10     | Entered Level 10 of the Dungeon
 11014 | D:10     | Reached ***** piety under Trog
 11035 | D:10     | Reached XP level 11. HP: 71/71 MP: 11/11
 11351 | D:10     | Noticed a two-headed ogre
 11362 | D:10     | Reached skill level 10 in Dodging
 11368 | D:10     | Noticed a two-headed ogre
 11372 | D:10     | Killed a two-headed ogre
 11400 | D:10     | Killed a two-headed ogre
 11431 | D:10     | Reached skill level 10 in Fighting
 11524 | D:10     | Paralysed by a floating eye for 3 turns
 12179 | D:10     | Noticed a two-headed ogre
 12196 | D:10     | Killed a two-headed ogre
 12602 | D:10     | Noticed a catoblepas
 12623 | D:10     | Killed a catoblepas
 12623 | D:10     | Reached XP level 12. HP: 78/78 MP: 12/12
 12990 | D:10     | Noticed a centaur warrior
 13002 | D:10     | Killed a centaur warrior
 13160 | D:11     | Noticed a two-headed ogre
 13169 | D:11     | Killed a two-headed ogre
 13465 | D:11     | Reached skill level 11 in Fighting
 13594 | D:11     | Noticed a two-headed ogre
 13620 | D:11     | Killed a two-headed ogre
 13721 | D:11     | Noticed Nergalle
 13725 | D:11     | Noticed a two-headed ogre
 13744 | D:11     | Killed Nergalle
 13760 | D:11     | Killed a two-headed ogre
 13932 | D:11     | Killed an unseen horror
 14100 | D:11     | Received a gift from Trog
 14568 | D:11     | Reached XP level 13. HP: 64/84 MP: 13/13
 14874 | D:11     | Found a staircase to the Lair.
 15387 | D:11     | Upgraded the game from 0.22-a0-609-gfedc9ff to 0.22-a0-617-g6d95e9e
 15388 | Lair:1   | Entered Level 1 of the Lair of Beasts
 15508 | Lair:1   | Reached skill level 12 in Fighting
 15843 | Lair:1   | Found a frozen archway.
 15871 | Lair:1   | Noticed an eight-headed hydra
 15881 | Lair:1   | Killed an eight-headed hydra
 17176 | Lair:2   | Upgraded the game from 0.22-a0-617-g6d95e9e to 0.22-a0-618-gd6a3efe
 17285 | Lair:2   | Received a gift from Trog
 18220 | Lair:2   | Upgraded the game from 0.22-a0-618-gd6a3efe to 0.22-a0-880-gb7b0c8b
 18571 | Lair:2   | Reached skill level 10 in Armour
 18851 | Lair:2   | Reached skill level 1 in Shields
 19690 | Lair:3   | Reached XP level 14. HP: 92/92 MP: 14/14
 19763 | Lair:3   | Found a hole to the Spider Nest.
 19849 | Lair:3   | Reached skill level 1 in Crossbows
 19893 | Lair:3   | Reached skill level 13 in Fighting
 20249 | Lair:3   | Found a snail-covered altar of Cheibriados.
 20349 | Lair:3   | Found a staircase to the Shoals.
 20807 | Lair:4   | Noticed Snorg
 20824 | Lair:4   | Killed Snorg
 21029 | Lair:4   | Reached skill level 5 in Crossbows
 22357 | Lair:5   | Received a gift from Trog
 22595 | Lair:5   | Found a staircase to the Slime Pits.
 23543 | Lair:6   | Entered Level 6 of the Lair of Beasts
 24223 | Lair:6   | Found a runed gate.
 24223 | Lair:6   | Found a runed gate.
 24223 | Lair:6   | Found a runed gate.
 24237 | Lair:6   | Found a viscous altar of Jiyva.
 24237 | Lair:6   | Noticed aaksess's ghost (journeyman GnWz)
 24269 | Lair:6   | Reached skill level 10 in Crossbows
 26571 | Lair:6   | Reached XP level 15. HP: 98/98 MP: 15/15
 28720 | D:12     | Got an encrusted plate armour
 28782 | D:12     | Identified the +11 plate armour of Miracles {Int+2 Dex+2} (You found it on level 12 of the Dungeon)
 30035 | D:13     | Received a gift from Trog
 30112 | D:13     | Found a gate to the Vaults.
 31091 | D:13     | Received a gift from Trog
 31392 | D:14     | Reached skill level 14 in Fighting
 32021 | D:14     | Received a gift from Trog
 32022 | D:14     | Found Qamilaj's Armour Shoppe.
 32087 | D:14     | Bought a +0 pair of gloves of archery for 195 gold pieces
 32205 | D:15     | Entered Level 15 of the Dungeon
 32226 | D:15     | Found Elidwide's Armour Boutique.
 32654 | D:15     | Received a gift from Trog
 32818 | D:15     | Reached XP level 16. HP: 75/106 MP: 16/16
 33445 | D:15     | Found a glowing silver altar of Zin.
 33665 | D:15     | Found a staircase to the Depths.
 33871 | Orc:1    | Entered Level 1 of the Orcish Mines
 34152 | Orc:1    | Found a roughly hewn altar of Beogh.
 34352 | Orc:1    | Paralysed by an orc sorcerer for 2 turns
 34675 | Orc:2    | Entered Level 2 of the Orcish Mines
 34864 | Orc:2    | Found a staircase to the Elven Halls.
 35162 | Orc:2    | Received a gift from Trog
 35307 | Orc:2    | Found a roughly hewn altar of Beogh.
 35516 | Orc:2    | Found Dawaong's Antique Weapon Emporium.
 35535 | Orc:2    | Found Firel's General Store.
 35543 | Orc:2    | Found Aquwkax's Antique Armour Emporium.
 35545 | Orc:2    | Found Ubol's Book Emporium.
 35742 | Orc:2    | Received a gift from Trog
 36375 | Orc:2    | Bought shiny gold dragon scales for 2573 gold pieces
 36722 | Spider:1 | Entered Level 1 of the Spider Nest
 37241 | Spider:1 | Reached skill level 15 in Dodging
 37564 | Spider:1 | Reached skill level 15 in Crossbows
 38434 | Spider:1 | Received a gift from Trog
 38713 | Spider:1 | Reached XP level 17. HP: 112/112 MP: 17/17
 39199 | Spider:2 | Received a gift from Trog
 39330 | Spider:2 | Upgraded the game from 0.22-a0-880-gb7b0c8b to 0.23-a0-4-g8f018a2
 39891 | Spider:2 | Noticed Donald
 39896 | Spider:2 | Killed Donald
 39903 | Spider:2 | Reached skill level 15 in Fighting
 40967 | Spider:3 | Noticed Louise
 41161 | Spider:3 | Received a gift from Trog
 41733 | Spider:2 | Identified 4 scrolls of acquirement
 41745 | Spider:2 | Identified a +0 pair of boots of running (You acquired it on level 2 of the Spider Nest)
 42079 | Spider:4 | Entered Level 4 of the Spider Nest
 42133 | Spider:3 | Received a gift from Trog
 42367 | Spider:3 | Noticed Arachne
 42387 | Spider:3 | Killed Arachne
 42707 | Spider:4 | Noticed Nikola
 42919 | Shoals:1 | Entered Level 1 of the Shoals
 42919 | Shoals:1 | Noticed Kirke
 42924 | Shoals:1 | Killed Kirke
 43086 | Shoals:1 | Found a runed gate.
 43086 | Shoals:1 | Found a runed gate.
 43086 | Shoals:1 | Found a runed gate.
 43088 | Shoals:1 | Noticed Ybaf's ghost (journeyman SpVM)
 43229 | Shoals:1 | Found Harphiff's Antique Weapon Shoppe.
 43268 | Shoals:1 | Got a twitching granite ring
 43273 | Shoals:1 | Identified the ring "Kok Utia" {rElec rF- rC+ Dex+8 SInv} (You found it on level 1 of the Shoals)
 43419 | Shoals:1 | Received a gift from Trog
 43597 | Shoals:1 | Reached XP level 18. HP: 120/120 MP: 18/18
 45160 | Shoals:2 | Found Efag's Distillery.
 45168 | Shoals:2 | Bought a potion of heal wounds for 95 gold pieces
 45168 | Shoals:2 | Bought a potion of mutation for 152 gold pieces
 45168 | Shoals:2 | Bought a potion of resistance for 190 gold pieces
 45168 | Shoals:2 | Bought a potion of curing for 57 gold pieces
 45168 | Shoals:2 | Bought a potion of might for 76 gold pieces
 45207 | Shoals:2 | You fall through a shaft!
 45319 | Shoals:3 | Reached skill level 16 in Fighting
 45674 | Shoals:3 | Received a gift from Trog
 46018 | Shoals:4 | Entered Level 4 of the Shoals
 46682 | Shoals:4 | Received a gift from Trog
 47167 | Shoals:4 | Reached ****** piety under Trog
 47282 | Shoals:4 | Received a gift from Trog
 47870 | Shoals:4 | Identified the Compendium of Confrontation
 47948 | Shoals:4 | Reached XP level 19. HP: 127/127 MP: 19/19
 48148 | Shoals:4 | Upgraded the game from 0.23-a0-4-g8f018a2 to 0.23-a0-8-gb809bb7
 48290 | Shoals:4 | Received a gift from Trog
 48291 | Shoals:4 | Got a bloodstained rapier {god gift}
 48328 | Shoals:3 | Identified the +10 rapier of the Nexus {elec, rF- MR+ Stlth+} (Trog gifted it to you on level 4 of the Shoals)
 48680 | Shoals:4 | Got a barnacled rune of Zot
 50389 | Spider:3 | Killed Louise
 50839 | Spider:3 | Killed Nikola
 51560 | Spider:4 | Received a gift from Trog
 52053 | Spider:4 | Reached skill level 17 in Fighting
 52109 | Spider:4 | Received a gift from Trog
 52114 | Spider:4 | Got an ichor-stained arbalest {god gift}
 52163 | Spider:4 | Identified the +10 arbalest of Toon {penet, *Slow +Inv rElec Str+7} (Trog gifted it to you on level 4 of the Spider Nest)
 52354 | Spider:4 | Reached skill level 1 in Evocations
 52835 | Spider:4 | Got a gossamer rune of Zot
 53091 | Vaults:1 | Entered Level 1 of the Vaults
 53543 | Vaults:1 | Got a shimmering plate armour
 53577 | Vaults:1 | Identified the +4 plate armour of a Million Seas {rF+} (You found it on level 1 of the Vaults)
 53659 | Vaults:1 | Paralysed by a wizard for 2 turns
 54122 | Vaults:1 | Reached XP level 20. HP: 134/134 MP: 22/22
 54906 | Vaults:1 | Reached skill level 5 in Evocations
 54999 | Vaults:1 | Received a gift from Trog
 56252 | Vaults:2 | Received a gift from Trog
 56299 | Vaults:2 | Reached XP level 21. HP: 140/140 MP: 26/26
 56344 | Vaults:2 | Found a magical portal.
 56371 | WizLab   | Entered The Roulette of Golubria
 56371 | WizLab   | Found a transporter.
 56380 | WizLab   | Found a corrupted altar of Lugonu.
 56510 | WizLab   | Received a gift from Trog
 56514 | WizLab   | Reached skill level 18 in Fighting
 56522 | WizLab   | Found a transporter.
 56522 | WizLab   | Found a transporter.
 56522 | WizLab   | Identified Golubria's Collected Works on the Compass
 56566 | WizLab   | Found a transporter.
 56701 | WizLab   | Found a transporter.
 57171 | Vaults:2 | Found Eluetoll's General Store.
 57171 | Vaults:2 | Noticed a lich
 57180 | Vaults:2 | Killed a lich
 57224 | Vaults:2 | Found Qef Turag's Book Shoppe.
 57240 | Vaults:2 | Bought a scroll of teleportation for 60 gold pieces
 57244 | Vaults:2 | Found Amiutyts's Gadget Shoppe.
 57421 | Vaults:2 | Noticed Margery
 57438 | Vaults:2 | Killed Margery
 57452 | Vaults:2 | Cast into level 2 of the Abyss (hell knight)
 57574 | Abyss:2  | Found a corrupted altar of Lugonu.
 57718 | Abyss:2  | Received a gift from Trog
 57891 | Vaults:2 | Escaped the Abyss
 58127 | Vaults:2 | Received a gift from Trog
 58742 | Vaults:2 | Found a staircase to the Crypt.
 59252 | Vaults:2 | Found Hetazih's Food Emporium.
 60037 | Vaults:3 | Reached XP level 22. HP: 148/148 MP: 29/29
 60048 | Vaults:3 | Received a gift from Trog
 60266 | Vaults:3 | Found a roughly hewn altar of Beogh.
 60542 | Vaults:3 | Received a gift from Trog
 60553 | Vaults:3 | Reached skill level 10 in Evocations
 60815 | Vaults:3 | Received a gift from Trog
 61624 | Vaults:4 | Reached skill level 19 in Fighting
 62483 | Vaults:4 | Upgraded the game from 0.23-a0-8-gb809bb7 to 0.23-a0-14-g8c9a20f
 62714 | Depths:1 | Entered Level 1 of the Depths
 62754 | Depths:1 | Received a gift from Trog
 63702 | Depths:1 | Reached XP level 23. HP: 156/156 MP: 30/30
 64161 | Depths:1 | Received a gift from Trog
 64311 | Depths:1 | Found a gateway to Hell.
 64402 | Depths:1 | Reached skill level 20 in Fighting
 64406 | Depths:1 | Reached skill level 15 in Armour
 64419 | Depths:1 | Paralysed by a great orb of eyes for 2 turns
 64538 | Depths:1 | Received a gift from Trog
 64657 | Depths:1 | Received a gift from Trog
 64688 | Depths:1 | Identified the Volume of the Firefly
 64775 | Depths:1 | Got a heavily runed hat
 64786 | Depths:1 | Identified the +0 hat "Ohoethru" {Regen+ Int-5 Dex+8} (You acquired it on level 1 of the Depths)
 65344 | Depths:2 | Noticed Saint Roka
 65352 | Depths:2 | Killed Saint Roka
 65555 | Depths:2 | Received a gift from Trog
 65631 | Depths:2 | Found a one-way gate to the infinite horrors of the Abyss.
 65856 | Depths:2 | Noticed a juggernaut
 65877 | Depths:2 | Killed a juggernaut
 66179 | Depths:2 | Paralysed by a floating eye for 2 turns
 66200 | Depths:2 | Paralysed by a floating eye for 2 turns
 66212 | Depths:2 | Paralysed by a floating eye for 3 turns
 66222 | Depths:2 | Noticed a golden dragon
 66228 | Depths:2 | Killed a golden dragon
 66312 | Depths:2 | Noticed a juggernaut
 66330 | Depths:2 | Killed a juggernaut
 66330 | Depths:2 | Reached XP level 24. HP: 142/164 MP: 30/30
 66707 | Depths:2 | Reached skill level 21 in Fighting
 67024 | Depths:2 | Received a gift from Trog
 67206 | Depths:2 | Found a one-way gate leading to the halls of Pandemonium.
 67850 | Depths:3 | Received a gift from Trog
 67890 | Depths:3 | Found Nomnuutiepn's Antique Weapon Boutique.
 67895 | Depths:3 | Found Nienioc's Assorted Antiques.
 67914 | Depths:3 | Bought a potion of curing for 81 gold pieces
 67914 | Depths:3 | Bought a potion of might for 108 gold pieces
 68075 | Depths:3 | Received a gift from Trog
 68236 | Depths:3 | Found a gateway to a ziggurat.
 69654 | Depths:3 | Reached XP level 25. HP: 153/172 MP: 30/30
 69764 | Depths:3 | Received a gift from Trog
 69764 | Depths:3 | Reached skill level 22 in Fighting
 70161 | Depths:4 | Received a gift from Trog
 70431 | Depths:4 | Received a gift from Trog
 70449 | Depths:4 | Got a clouded bone ring
 70505 | Depths:4 | Found Puuvvat's Jewellery Shop.
 70514 | Depths:4 | Identified the ring "Icvecag" {+Fly rPois rF- SInv Stlth+} (You found it on level 4 of the Depths)
 71076 | Depths:5 | Entered Level 5 of the Depths
 71756 | Depths:5 | Received a gift from Trog
 71886 | Depths:5 | Noticed a juggernaut
 71901 | Depths:5 | Killed a juggernaut
 72263 | Depths:5 | Received a gift from Trog
 72266 | Depths:5 | Reached skill level 23 in Fighting
 72266 | Depths:5 | Reached XP level 26. HP: 162/182 MP: 30/30
 72794 | Depths:5 | Found a gate to the Realm of Zot.
 73006 | Depths:5 | Voluntarily entered the Abyss.
 73059 | Abyss:2  | Found a roughly hewn altar of Beogh.
 73082 | Abyss:2  | Received a gift from Trog
 73605 | Abyss:4  | Received a gift from Trog
 73714 | Abyss:4  | Received a gift from Trog
 73898 | Abyss:4  | Lost intelligence.
 73901 | Abyss:4  | Received a gift from Trog
 74066 | Abyss:4  | Got an abyssal rune of Zot
 74449 | Abyss:4  | Received a gift from Trog
 74663 | Abyss:4  | Received a gift from Trog
 74691 | Abyss:4  | Reached skill level 24 in Fighting
 74773 | Abyss:4  | Reached XP level 27. HP: 153/190 MP: 30/30
 74835 | Depths:5 | Escaped the Abyss
 75281 | Zot:1    | Entered Level 1 of the Realm of Zot
 77618 | Zot:1    | Received a gift from Trog
 77928 | Zot:1    | Cast into level 3 of the Abyss (red draconian knight)
 77994 | Abyss:3  | Received a gift from Trog
 78416 | Zot:1    | Escaped the Abyss
 79701 | Zot:3    | Reached skill level 25 in Fighting
 80242 | Zot:3    | Noticed an orb of fire
 80254 | Zot:3    | Gained mutation: You are weak. (Str -2) [an orb of fire]
 80255 | Zot:3    | Gained mutation: Your spells are a little harder to cast, but a little more powerful. [an orb of fire]
 80275 | Zot:3    | Killed an orb of fire
 80492 | Zot:3    | Received a gift from Trog
 80869 | Zot:5    | Entered Level 5 of the Realm of Zot
 81675 | Zot:5    | Got a fine bone ring
 81677 | Zot:5    | Identified the ring of Hisoje {rC+ MR++ Int+4 Slay-4 SInv} (You acquired it on level 5 of the Realm of Zot)
 81684 | Zot:5    | Got a clouded pewter ring
 81688 | Zot:5    | Lost intelligence.
 81688 | Zot:5    | Identified the ring of the Endless Expanse {+Inv rN+ Int-4 SInv} (You acquired it on level 5 of the Realm of Zot)
 82379 | Zot:5    | Noticed an orb of fire
 82379 | Zot:5    | Noticed an orb of fire
 82381 | Zot:5    | Noticed an orb of fire
 82385 | Zot:5    | Gained mutation: Your body sometimes deteriorates upon taking damage. [an orb of fire]
 82388 | Zot:5    | Noticed an orb of fire
 82394 | Zot:5    | Noticed an orb of fire
 82394 | Zot:5    | Noticed an orb of fire
 82394 | Zot:5    | Gained mutation: Your mind is acute. (Int +2) [an orb of fire]
 82397 | Zot:5    | Gained mutation: Scrolls take you a little longer to read. [an orb of fire]
 82404 | Zot:5    | Gained mutation: You are frail. (-10% HP) [an orb of fire]
 82411 | Zot:5    | Killed from afar by an electric golem

Vault maps used:
D:1:      dpeg_arrival_arbitrary_c, supply_closet_lemuel
D:2:      lemuel_crystal_altar, lemuel_round_altar, first_ration
D:4:      nemelex_xobeh_ov_fountains_minmay, uniq_sigmund, uniq_menkaure
D:5:      nicolae_dithmenos_shadow_blocks, minmay_temple_entry_trees,
          brannock_xom_greatest_gift
D:6:      overflow_temple_1_default, trog_ov_bears_minmay,
          lightli_ossuary_entry_decrepit_ruins, minmay_misc_feat_room
D:7:      kiku_gazebo_garden_becter, gammafunk_temple_overflow_elements,
          uniq_pikel
D:8:      grunt_temple_overflow_holy_war
D:9:      nicolae_ru_path_of_blood, kennysheep_mini_moat, hiddenorc1_lemuel,
          the_bakery, disabler_island
D:10:     minmay_blocky_corners, onia_ninara_cookie
D:11:     grunt_lair_entry_orc_guard_hut, special_room, uniq_nergalle
D:12:     lemuel_flamethrower_hall
D:13:     lightli_vaults_fourway_checkpoint, kennysheep_generic_room_8
D:14:     serial_shops, shop_statue, grunt_decor_mini_mirrors,
          hangedman_abyss_or_decor_stabs, fake_guardian_serpent_vault
D:15:     grunt_enter_depths_hoard, zin_angel, serial_shops,
          nicolae_shop_waterfront
Lair:1:   portal_ice_cave_entry_imps, grunt_megastairs_2,
          minmay_lair_oklob_chamber
Lair:2:   kb_forest_paths, lab_entry_generic
Lair:3:   minmay_shoals_entry_hut, dummy_spider_entry, basic_altar,
          patterned_corridor
Lair:4:   infiniplex_staircase_pool_2, uniq_snorg
Lair:5:   minmay_slime_entry_pillars, wad_woods_road_06, roderic_carrion_pond
Lair:6:   grunt_lair_end_beastmaster, gammafunk_ghost_ooze, grunt_megastairs_5
Shoals:1: serial_shops, shop_fountains, gammafunk_ghost_necromancy, uniq_kirke
Shoals:2: serial_shops, shop
Shoals:4: shoals_end_simple, nicolae_shoals_water_shrine
Spider:1: nicolae_spider_hall_of_the_moth_king
Spider:2: uniq_donald
Spider:3: uniq_louise, uniq_arachne
Spider:4: spider_rune_water, uniq_nikola
Orc:1:    mines1_david
Orc:2:    grunt_orc_cross
Vaults:1: hangedman_vaults_stream, st_greater_box_3, v_misc_25,
          nicolae_vaults_big_angled_halls, vaults_room_grid, v_alt_pattern_2,
          v_alt_pattern_1, nicolae_vaults_little_squares_5,
          ontoclasm_vaults_decontamination, vaults_mumra_minichess,
          nicolae_vaults_little_squares_5
Vaults:2: v_rooms_3, v_misc_4, nicolae_vaults_twisting_passages, v_misc_5,
          blue_anna_dwarven_crypt, hangedman_vaults_hard_town_square,
          v_pattern_2, serial_shops, shop, infiniplex_enter_wizlab_glasses,
          uniq_margery
Vaults:3: vaults_dpeg_hooks, special_room_vaults, vaults_room_door_ring,
          v_misc_4, nicolae_vaults_ninety_degrees, v_misc_3,
          grunt_vaults_diagonal
Vaults:4: v_pattern_1, vaults_room_fancy_cross, ontoclasm_vaults_chip,
          ontoclasm_vaults_ring_large, v_misc_13, v_misc_13,
          nicolae_vaults_circle_grid_b, vaults_dpeg_encased_lava,
          nicolae_vaults_specimen_jars, nicolae_vaults_ring_of_whatevers
Depths:1: minmay_misc_feat_doors, grunt_metal_band, eino_tiny_chamber,
          hex_large, hangedman_research_toxicology
Depths:2: minmay_three_patterns, pan_entry, pf_hell_entry_tar_river,
          abyss_entry, minmay_liquid_box, infiniplex_staircase_pillars_3b,
          uniq_saint_roka
Depths:3: minmay_spriggan_fort, enter_ziggurat_f, grunt_hell_entry_dis_old,
          pan_entry, minmay_shoptagon
Depths:4: grunt_twist_and_shout, minmay_misc_feat_rows, serial_shops, shop,
          minmay_room_of_horrors, hell_entry, minmay_statues_item,
          hangedman_abyss_or_decor_jellyfish_corner
Depths:5: grunt_zot_entry_hairpin, abyss_entry_small_statue_room,
          rand_demon_pan_entry_1, pf_vacation_house_of_asmodeus, minivault_16
Zot:1:    lemuel_baited_zot_trap
Zot:2:    lemuel_elevator
Zot:5:    bh_zot_lava_cross, st_stairs_8
Abyss:2:  evilmike_abyss_exit_smiterflies, hangedman_decor_lopped
Abyss:3:  bh_abyss_negative, due_evilmike_abyss_rune_seething_liches,
          bh_abyss_exit_grid
Abyss:4:  hangedman_cross_veins, evilmike_abyss_exit_1
Ossuary:  ossuary_due_pyramid
WizLab:   wizlab_golubria

Skill      XL: |  1  2  3  4  5  6  7  8  9 10 11 12 13 14 15 16 17 18 19 20 21 22 23 24 25 26 27 |
---------------+----------------------------------------------------------------------------------+-----
Armour         | 2 3 4 5 6 7 8 10 11 12 13 14 15 16 17 | 17.8
Dodging        | 3 4 5 6 8 9 11 12 13 14 15 16 17 18 19 20 21 22 23 24 | 24.0
Fighting       | 4 5 6 7 9 10 11 12 13 14 15 16 17 18 19 20 21 23 24 25 | 25.6
Short Blades   | 5 6 7 9 10 12 13 14 | 14.0
Shields        | 1 4 |  4.7
Crossbows      | 11 12 15 16 17 18 19 20 21 22 23 | 23.8
Evocations     | 3 7 9 10 | 10.4

Action                   |  1- 3 |  4- 6 |  7- 9 | 10-12 | 13-15 | 16-18 | 19-21 | 22-24 | 25-27 || total
-------------------------+-------+-------+-------+-------+-------+-------+-------+-------+-------++-------
Melee: Short sword       |    30 |       |       |       |  1263 |     1 |       |       |       ||  1294
       Dagger            |    27 |   157 |   421 |  1118 |   522 |       |       |       |       ||  2245
       Arbalest          |       |       |       |       |       |     1 |       |       |       ||     1
       Quick blade       |       |       |       |       |       |   195 |       |       |       ||   195
       Rapier            |       |       |       |       |       |     1 |   238 |   444 |   559 ||  1242
 Fire: Hand crossbow     |       |       |       |       |   863 |       |       |       |       ||   863
       Arbalest          |       |       |       |       |    15 |  1177 |   821 |   928 |  1248 ||  4189
Throw: Stone             |     4 |     5 |     2 |       |       |       |       |       |       ||    11
Invok: Berserk           |     2 |     5 |     6 |    19 |    35 |     3 |     6 |     5 |    12 ||    93
       Trog's Hand       |       |       |     2 |     9 |    19 |    12 |    12 |    12 |    26 ||    92
       Brothers in Arms  |       |       |       |       |       |       |     3 |     2 |     5 ||    10
Evoke: Wand              |       |       |       |     6 |       |       |     2 |       |       ||     8
  Use: Scroll            |       |       |    14 |     6 |    17 |    18 |     8 |     8 |    10 ||    81
       Potion            |       |       |       |     7 |     4 |     9 |     3 |       |    20 ||    43
  Eat: Chunk             |     6 |    17 |    18 |    48 |    96 |    53 |    47 |    39 |    41 ||   365
       Ration            |       |       |       |     1 |       |       |       |       |     8 ||     9
Armor: Animal skin       |     2 |       |       |       |       |       |       |       |       ||     2
       Ring mail         |    10 |    26 |    70 |    55 |       |       |       |       |       ||   161
       Plate armour      |       |       |       |   170 |   612 |   413 |   251 |    83 |       ||  1529
       Gold dragon scale |       |       |       |       |       |       |       |   138 |   504 ||   642
Dodge: Dodged            |    22 |    78 |   239 |   505 |  1211 |   857 |   790 |   590 |  1000 ||  5292
Block: Buckler           |       |       |       |       |   282 |       |       |       |       ||   282
       Other             |       |       |       |       |       |       |       |    76 |   177 ||   253
       Reflection        |       |       |       |       |       |       |       |     7 |     1 ||     8

Table legend:
 A = Spawn XP
 B = Non-spawn XP
 C = Spawn XP percentage of total XP
 D = Spawn monster count
 E = Non-spawn monster count
 F = Spawn count percentage of total count
 G = Total turns spent on level
                    A         B        C        D         E        F      G
               +---------+---------+-------+---------+---------+-------+---------
         Total |  108198 | 1163666 |   8.5 |     177 |    2138 |   7.6 | 82411
               +---------+---------+-------+---------+---------+-------+---------
           D:1 |       0 |      18 |   0.0 |       0 |       8 |   0.0 |   850
           D:2 |       0 |     126 |   0.0 |       0 |      22 |   0.0 |  1246
           D:3 |       0 |     180 |   0.0 |       0 |      33 |   0.0 |  1148
           D:4 |       0 |     623 |   0.0 |       0 |      15 |   0.0 |  1157
           D:5 |       0 |     439 |   0.0 |       0 |      13 |   0.0 |  1023
           D:6 |       0 |     997 |   0.0 |       0 |      19 |   0.0 |  1271
           D:7 |       0 |    1249 |   0.0 |       0 |       6 |   0.0 |   835
           D:8 |       0 |    2136 |   0.0 |       0 |      36 |   0.0 |  1570
           D:9 |       0 |    1733 |   0.0 |       0 |      40 |   0.0 |  1848
          D:10 |       0 |    9951 |   0.0 |       0 |      56 |   0.0 |  2271
          D:11 |       0 |   12515 |   0.0 |       0 |      68 |   0.0 |  2597
          D:12 |       0 |   11581 |   0.0 |       0 |      48 |   0.0 |  1932
          D:13 |       0 |    8447 |   0.0 |       0 |      36 |   0.0 |  1651
          D:14 |       0 |    8325 |   0.0 |       0 |      31 |   0.0 |  1255
          D:15 |       0 |   20355 |   0.0 |       0 |      38 |   0.0 |  2216
        Lair:1 |       0 |    6142 |   0.0 |       0 |      38 |   0.0 |  1535
        Lair:2 |       0 |    9583 |   0.0 |       0 |      45 |   0.0 |  2507
        Lair:3 |       0 |    5414 |   0.0 |       0 |      24 |   0.0 |  1725
        Lair:4 |       0 |    5931 |   0.0 |       0 |      21 |   0.0 |  1557
        Lair:5 |       0 |    7078 |   0.0 |       0 |      25 |   0.0 |  1937
        Lair:6 |       0 |   17065 |   0.0 |       0 |      51 |   0.0 |  3301
      Shoals:1 |       0 |   20659 |   0.0 |       0 |      32 |   0.0 |  1251
      Shoals:2 |       0 |   15730 |   0.0 |       0 |      34 |   0.0 |  1271
      Shoals:3 |       0 |   19387 |   0.0 |       0 |      39 |   0.0 |  1213
      Shoals:4 |       0 |   26862 |   0.0 |       0 |      50 |   0.0 |  2118
      Spider:1 |       0 |   26058 |   0.0 |       0 |      71 |   0.0 |  2173
      Spider:2 |       0 |   16645 |   0.0 |       0 |      41 |   0.0 |  1748
      Spider:3 |       0 |   36840 |   0.0 |       0 |      86 |   0.0 |  3798
      Spider:4 |       0 |   26250 |   0.0 |       0 |      57 |   0.0 |  2180
         Orc:1 |       0 |    1757 |   0.0 |       0 |      23 |   0.0 |   803
         Orc:2 |       0 |   10370 |   0.0 |       0 |      52 |   0.0 |  1751
      Vaults:1 |       0 |   81269 |   0.0 |       0 |      85 |   0.0 |  3124
      Vaults:2 |       0 |   69589 |   0.0 |       0 |      94 |   0.0 |  2466
      Vaults:3 |       0 |   56911 |   0.0 |       0 |     106 |   0.0 |  2033
      Vaults:4 |       0 |   23294 |   0.0 |       0 |      34 |   0.0 |  1078
      Depths:1 |       0 |   57397 |   0.0 |       0 |      85 |   0.0 |  1205
      Depths:2 |       0 |   95705 |   0.0 |       0 |      98 |   0.0 |  2778
      Depths:3 |       0 |   74931 |   0.0 |       0 |     106 |   0.0 |  2265
      Depths:4 |       0 |   55348 |   0.0 |       0 |      66 |   0.0 |  1272
      Depths:5 |       0 |   97374 |   0.0 |       0 |      95 |   0.0 |  2943
         Zot:1 |       4 |   75330 |   0.0 |       1 |      47 |   2.1 |  2821
         Zot:2 |       0 |    1627 |   0.0 |       0 |       1 |   0.0 |    78
         Zot:3 |       0 |   41743 |   0.0 |       0 |      17 |   0.0 |  1312
         Zot:4 |       0 |   21423 |   0.0 |       0 |      14 |   0.0 |   545
         Zot:5 |       0 |   38104 |   0.0 |       0 |      15 |   0.0 |  1282
       Abyss:1 |     911 |    2197 |  29.3 |       2 |       1 |  66.7 |    30
       Abyss:2 |   12018 |    1169 |  91.1 |      21 |       3 |  87.5 |   512
       Abyss:3 |   21790 |    8501 |  71.9 |      35 |      21 |  62.5 |   741
       Abyss:4 |   73475 |   25032 |  74.6 |     118 |      62 |  65.6 |  1473
       Ossuary |       0 |      34 |   0.0 |       0 |      21 |   0.0 |   356
        WizLab |       0 |    6242 |   0.0 |       0 |       9 |   0.0 |   359
               +---------+---------+-------+---------+---------+-------+---------
